 Dungeon Crawl Stone Soup version 0.22-b1-21-g5cfc168 (webtiles) character file.

2651 Gorglomux the Martial Artist (level 9, -1/74 HPs)
             Began as a Merfolk Transmuter on Aug 3, 2018.
             Was a Believer of Okawaru.
             Slain by a gnoll sergeant
             ... wielding a +1 trident of piercing
              (2 damage)
             ... on level 8 of the Dungeon.
             The game lasted 00:10:53 (9205 turns).

Gorglomux the Martial Artist (Merfolk Transmuter)   Turns: 9205, Time: 00:10:53

Health: -1/74      AC:  2    Str: 13    XL:     9   Next: 62%
Magic:  14/14      EV: 13    Int: 13    God:    Okawaru [**....]
Gold:   398        SH:  0    Dex: 14    Spells: 4/15 levels left

rFire    . . .     SeeInvis .     - Unarmed
rCold    . . .     Gourm    +   (no shield)
rNeg     . . .     Faith    .   b - +0 robe
rPois    .         Spirit   .   (no helmet)
rElec    .         Reflect  .   (no cloak)
rCorr    .         Harm     .   (no gloves)
MR       .....                  (no boots)
Stlth    +.........             L - amulet of the gourmand
HPRegen  0.22/turn              (no ring)
MPRegen  0.14/turn              (no ring)

@: marked, invisible
A: change form in water, swift swim, stealthy swim
a: Heroism, Renounce Religion


You were on level 8 of the Dungeon.
You worshipped Okawaru.
Okawaru was pleased with you.
You were completely stuffed.

You visited 2 branches of the dungeon, and saw 9 of its levels.

You collected 398 gold pieces.

Inventory:

Missiles
 a - 85 arrows
Armour
 b - a +0 robe (worn)
Jewellery
 L - an amulet of the gourmand (around neck)
 S - a cursed ring of teleportation {unknown}
Wands
 D - a wand of digging (20)
 E - a wand of enslavement (12)
 I - a wand of iceblast (17)
 P - a wand of paralysis (9)
Scrolls
 f - 3 scrolls of remove curse
 g - a scroll of noise {unknown}
 i - 3 scrolls of teleportation {unknown}
 k - 5 scrolls of identify {unknown}
 p - 2 scrolls of fog {unknown}
 G - a scroll of immolation {unknown}
 K - a scroll of random uselessness {unknown}
 M - 4 scrolls of enchant armour {unknown}
 R - a scroll of amnesia {unknown}
 U - a scroll of silence {unknown}
Potions
 e - a potion of degeneration
 h - a potion of mutation {unknown}
 l - a potion of might {unknown}
 m - 2 potions of heal wounds {unknown}
 F - 2 potions of brilliance {unknown}
 J - a potion of haste {unknown}
 Q - 2 potions of curing
 V - a potion of lignification {unknown}
Comestibles
 d - 8 rations
 W - 7 chunks of flesh


   Skills:
 + Level 8.2 Fighting
 - Level 2.6 Dodging
 + Level 8.9 Unarmed Combat
 + Level 3.6 Spellcasting
 + Level 8.6 Transmutations
 - Level 1.0 Poison Magic


You had 4 spell levels left.
You knew the following spells:

 Your Spells              Type           Power        Failure   Level  Hunger
a - Beastly Appendage     Tmut           ###...       1%          1    #......
b - Sticks to Snakes      Tmut           ###.....     1%          2    ##.....
c - Spider Form           Tmut/Pois      ##........   9%          3    ###....
d - Blade Hands           Tmut           ###.......   17%         5    ######.

Your spell library contained the following spells:

 Spells                   Type           Power        Failure   Level  Hunger
 Ice Form                 Ice/Tmut       ##......     36%         4    #####..


Dungeon Overview and Level Annotations

Branches:
Dungeon (8/15)             Temple (1/1) D:4
   Lair: D:8-11

Altars:
Ashenzari
Elyvilon
Gozag
Hepliaklqana
Makhleb
Okawaru
Qazlal
Ru
Sif Muna
Trog
Uskayaw
Vehumet
Yredelemnul
Zin
The Shining One

Shops:
D:4 :


Message History

Beogh smites you!!!
An adder comes into view!
An orc comes into view! It is wielding a club!
Evoke butt item? (* to show all) (? for menu, Esc to quit)
Okay, then!
As you read the scroll labeled MOASU ROENI, it crumbles to dust!
You feel butt for a moment!
It was a scroll of remove curse!
The killer bee stings you!!! * * * don't die
* * * An butt comes into view! It is wielding a dagger!
An orc comes into view! It is wielding a whip!
Unknown command!
You fade into invisibility!!!
The killer bee misses you!
A killer bee comes into view!
The killer bee stings you!!! * * * don't die
* * * The gnoll sergeant hits you from afar with a trident of piercing!!! * * * don't die * * * rip

#.........#
###.......#
#######....>#
#.....o..y..####
#.#####oy......#
#.oog.gy..#
#.#g###...#
#..##c#y# #.##
#..So.@# .#
#..######


You could see a gnoll sergeant, a centaur, 3 killer bees, an orc priest, a
gnoll, an adder and 4 orcs.

Vanquished Creatures
  A hippogriff (D:6)
  Edmund (D:5)
  2 orc warriors
  An ice beast (D:6)
  An ogre (D:5)
  A phantom (D:5)
  2 centaurs (D:6)
  Blork the orc (D:5)
  A bullfrog (D:6)
  A gnoll sergeant (D:6)
  A wyvern zombie (D:7)
  4 scorpions
  3 killer bees
  A howler monkey (D:5)
  A hound (D:5)
  5 crimson imps
  A centaur zombie (D:7)
  3 orc priests
  6 orc wizards
  3 jellies
  A centaur skeleton (D:6)
  Jessica (D:2)
  An iguana (D:6)
  3 worker ants
  A hound skeleton (D:4)
  8 gnolls
  6 adders
  3 shadow imps
  5 worms
  An adder skeleton (D:4)
  A dart slug (D:2)
  3 leopard geckos
  31 orcs
  5 giant cockroaches
  4 hobgoblins
  12 jackals
  2 quokkas (D:3)
  8 bats
  2 frilled lizards
  7 goblins
  3 kobolds (D:1)
  4 quokka skeletons
  7 rats
159 creatures vanquished.

Vanquished Creatures (collateral kills)
  A bullfrog (D:5)
  A scorpion (D:3)
  An orc wizard (D:3)
  A gnoll (D:6)
  3 orcs (D:3)
7 creatures vanquished.

Vanquished Creatures (others)
  4 toadstools (D:1)
4 creatures vanquished.

Grand Total: 170 creatures vanquished

Notes
Turn   | Place    | Note
-------+----------+-------------------------------------------
     0 | D:1      | Gorglomux the Merfolk Transmuter began the quest for the Orb.
     0 | D:1      | Reached XP level 1. HP: 15/15 MP: 3/3
   151 | D:1      | Reached XP level 2. HP: 21/22 MP: 3/5
   197 | D:1      | Learned a level 2 spell: Sticks to Snakes
   645 | D:2      | Reached XP level 3. HP: 27/27 MP: 4/6
   678 | D:2      | Found a shattered altar of Ashenzari.
  1168 | D:2      | Reached XP level 4. HP: 18/34 MP: 5/7
  1359 | D:2      | Reached skill level 3 in Fighting
  1363 | D:2      | Noticed Jessica
  1379 | D:2      | Killed Jessica
  1736 | D:3      | Reached XP level 5. HP: 34/41 MP: 1/8
  2882 | D:4      | Found Kosix's Book Boutique.
  2887 | D:4      | Learned a level 3 spell: Spider Form
  3232 | D:4      | Found a white marble altar of Elyvilon.
  3241 | D:3      | Reached XP level 6. HP: 32/49 MP: 2/9
  3651 | D:4      | Found a staircase to the Ecumenical Temple.
  3657 | D:4      | Reached skill level 3 in Transmutations
  3668 | Temple   | Entered the Ecumenical Temple
  4267 | Temple   | Became a worshipper of Warmaster Okawaru
  4621 | D:4      | Found a glowing silver altar of Zin.
  4682 | D:4      | Reached skill level 1 in Poison Magic
  4892 | D:5      | Entered Level 5 of the Dungeon
  4976 | D:5      | Found a radiant altar of Vehumet.
  4988 | D:5      | Reached skill level 6 in Unarmed Combat
  4988 | D:5      | Reached XP level 7. HP: 53/55 MP: 7/10
  5182 | D:5      | Noticed Blork the orc
  5466 | D:5      | Killed Blork the orc
  5466 | D:5      | Reached * piety under Okawaru
  5466 | D:5      | Reached skill level 3 in Spellcasting
  6413 | D:5      | Found a basalt altar of Yredelemnul.
  6470 | D:5      | Reached XP level 8. HP: 51/64 MP: 3/12
  6532 | D:5      | Noticed Edmund
  6550 | D:5      | Killed Edmund
  6550 | D:5      | Reached skill level 6 in Fighting
  6978 | D:6      | Reached skill level 6 in Transmutations
  7013 | D:6      | Noticed a hippogriff
  7021 | D:6      | Killed a hippogriff
  7021 | D:6      | Reached ** piety under Okawaru
  7320 | D:6      | Reached XP level 9. HP: 55/72 MP: 8/13
  7900 | D:6      | Found a hazy altar of Hepliaklqana.
  8032 | D:6      | Learned a level 5 spell: Blade Hands
  9205 | D:8      | HP: 1/74 [gnoll sergeant/trident of piercing (10)]
  9205 | D:8      | Slain by a gnoll sergeant

Skill      XL: |  1  2  3  4  5  6  7  8  9 |
---------------+----------------------------+-----
Fighting       | 2 3 4 5 7 8 |  8.2
Unarmed Combat | 4 5 6 8 |  8.9
Transmutations | 3 5 7 8 |  8.6
Poison Magic   | 1 |  1.0
Spellcasting   | 3 |  3.6
Dodging        | |  2.6

Action                   |  1- 3 |  4- 6 |  7- 9 || total
-------------------------+-------+-------+-------++-------
Melee: Unarmed           |    94 |   225 |   309 ||   628
       Headbutt          |     7 |    14 |     2 ||    23
       Punch             |     1 |     3 |     3 ||     7
 Cast: Beastly Appendage |    13 |    20 |     2 ||    35
       Sticks to Snakes  |     2 |    10 |     9 ||    21
       Spider Form       |       |     4 |    29 ||    33
       Blade Hands       |       |       |     1 ||     1
Invok: Heroism           |       |       |     4 ||     4
Evoke: Wand              |       |       |     1 ||     1
  Use: Potion            |       |       |     4 ||     4
       Scroll            |       |       |     1 ||     1
 Stab: Sleeping          |       |     2 |       ||     2
       Invisible         |       |       |     1 ||     1
  Eat: Chunk             |     1 |    26 |    19 ||    46
Armor: Robe              |    12 |    19 |    14 ||    45
       Skin              |       |       |    13 ||    13
Dodge: Dodged            |    82 |   138 |   254 ||   474
